 Dungeon Crawl Stone Soup version 0.31.0-32-g396128a36d (webtiles) character file.

Game seed: 1494425526625084985

875 Killerpretzel the Changeling (level 8, -2/54 HPs)
             Began as an Octopode Shapeshifter on Mar 8, 2024.
             Slain by an ice beast (9 damage)
             ... on level 6 of the Dungeon.
             The game lasted 00:06:25 (4180 turns).

Killerpretzel the Changeling (OpSh)                 Turns: 4180, Time: 00:06:26

Health: -2/54      AC:  1    Str: 13    XL:     8   Next: 4%
Magic:  8/8        EV: 14    Int: 12    God:
Gold:   241        SH:  0    Dex: 14    Spells: 7/7 levels left

rFire   + . .        e - +1 rapier of Tumult {freeze, rPois rF+ rN+}
rCold   . . .        (no shield)
rNeg    + . .        (helmet currently unavailable)
rPois   +            (no amulet)
rElec   .            (no ring)
rCorr   .            (no ring)
SInv    .            (no ring)
Will    .....        (no ring)
Stlth   ++           (no ring)
HPRegen 0.29/turn    (no ring)
MPRegen 0.11/turn    (no ring)
                     (no ring)

%: no passive effects
@: beast-form
A: beast (slay +3), almost no armour, amphibious, 8 rings, camouflage 1,
gelatinous body 1, (nimble swimmer 1), tentacles
a: Begin Untransformation


You were on level 6 of the Dungeon.
You were a hulking beast.
You visited 1 branch of the dungeon, and saw 6 of its levels.

You collected 241 gold pieces.

Inventory:

Hand Weapons
 e - the +1 rapier of Tumult (weapon) {freeze, rPois rF+ rN+}
   (You found it on level 5 of the Dungeon)

   rF+:       It protects you from fire.
   rPois:     It protects you from poison rN+: It protects you from negative
   energy.
 o - the +7 hand axe "Legeehot" {venom, rElec rC- Int+4 Dex+4}
   (You found it on level 6 of the Dungeon)

   Int+4:     It affects your intelligence (+4).
   Dex+4:     It affects your dexterity (+4).
   rC-:       It makes you vulnerable to cold.
   rElec:     It insulates you from electricity.
Missiles
 f - 4 javelins (quivered)
Talismans
 b - a beast talisman
 c - a flux talisman
Wands
 l - a wand of digging (7)
Scrolls
 j - 2 scrolls of teleportation
Potions
 a - a potion of curing
 d - a potion of cancellation
 g - a potion of might
 h - a potion of resistance {unknown}
 i - 3 potions of heal wounds {unknown}
 k - a potion of ambrosia {unknown}
 m - a potion of brilliance {unknown}
 n - a potion of haste {unknown}


   Skills:
 + Level 3.9 Fighting
 + Level 4.3 Dodging
 + Level 4.9 Unarmed Combat
 * Level 5.9 Shapeshifting


You had 7 spell levels left.
You didn't know any spells.
Your spell library was empty.

Dungeon Overview and Level Annotations

Branches:
Dungeon (6/15)
 Temple: D:4-7

Altars:
Hepliaklqana
Okawaru
Ru
Trog

Shops:
D:2 *

Annotations:
D:5 Eustachio


Innate Abilities, Weirdness & Mutations

You are a hulking beast.
Your limbs bulge with bestial killing power. (Slay +3)
You cannot wear most types of armour.
You are amphibious.
You can wear up to eight rings at the same time.
Your skin changes colour to match your surroundings (Stealth+).
Your rubbery body absorbs attacks. (AC +1, EV +1)
((You are camouflaged when in or above water. (Stealth+)))
You have tentacles for arms and can constrict up to eight enemies at once.


Message History

i - 3 purple potions (gained 2)
An iguana comes into view.
The iguana hisses angrily.
You barely miss the iguana. You grab the iguana. You constrict the iguana.
The iguana closely misses you.
You puncture the iguana! You freeze the iguana.
The iguana is severely wounded.
You constrict the iguana. The iguana misses you.
You hit the iguana.
The iguana seems to slow down.
You freeze the iguana. You squeeze the iguana.
You kill the iguana!
No target in view!
No target in view!
No target in view!
No target in view!
An ice beast comes into view.
The ice beast hits you. The ice beast freezes you!
You are too injured to fight recklessly!
You are too injured to fight recklessly!
You are too injured to fight recklessly!
You are too injured to fight recklessly!
You are too injured to fight recklessly!
You are too injured to fight recklessly!
An ice beast is nearby!
You hit the ice beast but do no damage. The ice beast closely misses you.
You barely miss the ice beast. The ice beast hits you.
The ice beast freezes you!
You puncture the ice beast!
The ice beast is moderately wounded.
The ice beast barely misses you.
You hit the ice beast. You squeeze the ice beast.
The ice beast is heavily wounded.
The ice beast hits you. The ice beast freezes you!
* * * LOW HITPOINT WARNING * * *
You hit the ice beast.
The ice beast is severely wounded.
The ice beast barely misses you. The ice beast hits you.
* * * LOW HITPOINT WARNING * * *
The ice beast freezes you!
You die...

##. ...#
....###
........### #.
...........##
..
.............#
.#
#.........Y..#
.#
#.........h..#
##
#...........##
#..........#
#.........##
##....†...#
##........##
###
..........#
...
...##...###
... ## ###..##


You could see an ice beast.

Vanquished Creatures
  Grinder (D:3)
  Sigmund (D:3)
  Menkaure (D:4)
  A bullfrog (D:5)
  A howler monkey (D:4)
  2 hounds
  2 iguanas (D:6)
  Terence (D:2)
  An orc wizard (D:3)
  4 adders (D:2)
  2 white imps (D:5)
  2 ribbon worms (D:2)
  3 orcs
  8 bats
  5 endoplasms
  3 giant cockroaches
  8 goblins
  10 hobgoblins
  6 jackals
  10 kobolds
  2 quokkas (D:2)
  6 ball pythons
  5 frilled lizards
  4 rats
89 creatures vanquished.

Notes
Turn   | Place    | Note
-------+----------+-------------------------------------------
     0 | D:1      | Killerpretzel the Octopode Shapeshifter began the quest for
                  | the Orb.
     0 | D:1      | Reached XP level 1. HP: 13/13 MP: 1/1
   200 | D:1      | Reached XP level 2. HP: 17/18 MP: 2/2
   226 | D:1      | Found a faded altar of an unknown god.
   658 | D:2      | Reached XP level 3. HP: 23/23 MP: 3/3
   726 | D:2      | Found Wohuzas's Assorted Antiques.
   870 | D:2      | Reached XP level 4. HP: 28/29 MP: 4/4
  1138 | D:2      | Noticed Terence
  1147 | D:2      | Killed Terence
  1302 | D:2      | Reached skill level 4 in Shapeshifting
  1302 | D:2      | Reached XP level 5. HP: 34/34 MP: 5/5
  1551 | D:3      | Noticed Grinder
  1698 | D:3      | Noticed Sigmund
  1709 | D:3      | Killed Sigmund
  1710 | D:3      | Reached XP level 6. HP: 41/41 MP: 6/6
  2360 | D:3      | Killed Grinder
  2361 | D:3      | Reached skill level 5 in Shapeshifting
  2361 | D:3      | Reached XP level 7. HP: 28/46 MP: 7/7
  2506 | D:4      | Noticed Menkaure
  2519 | D:4      | Killed Menkaure
  3214 | D:5      | Entered Level 5 of the Dungeon
  3510 | D:5      | Identified the +1 rapier of Tumult {freeze, rPois rF+ rN+}
  3726 | D:5      | Noticed Eustachio
  3823 | D:6      | Found a sacrificial altar of Ru.
  3824 | D:6      | Found an iron altar of Okawaru.
  3824 | D:6      | Found a bloodstained altar of Trog.
  3874 | D:6      | Reached XP level 8. HP: 54/54 MP: 8/8
  4002 | D:6      | Identified the +7 hand axe "Legeehot" {venom, rElec rC-
                  | Int+4 Dex+4}
  4115 | D:6      | Found a hazy altar of Hepliaklqana.
  4180 | D:6      | Slain by an ice beast

Illustrated notes

Levels and vault maps discovered:
D:1:      heliophobic_arrival_dark_side_of_the_moon, layout_basic,
          dreamdust_ecumenical_altar_angels_and_demons, kennysheep_crisscross,
          minivault_26
D:2:      layout_loops_ring, serial_shops, shop, minmay_split_cup_small,
          uniq_terence
D:3:      layout_basic, minmay_misc_feat_enclosed, chequers_big_river,
          uniq_grinder, uniq_sigmund
D:4:      layout_rooms, nicolae_elevator_lobby_asterisk, uniq_menkaure
D:5:      layout_basic, uniq_eustachio
D:6:      layout_cave_pods, lemuel_crystal_altar,
          chequers_temple_overflow_statue_of_worship, uniq_blork_the_orc

Skill      XL: |  1  2  3  4  5  6  7 |
---------------+----------------------+-----
Fighting       | 2 3 |  3.9
Shapeshifting  | 4 5 |  5.9
Dodging        | 3 4 |  4.3
Unarmed Combat | 4 |  4.9

Action                     |  1- 3 |  4- 6 |  7- 9 || total
---------------------------+-------+-------+-------++-------
  Melee: Unarmed           |    58 |    67 |    34 ||   159
         Constrict         |    13 |    15 |    11 ||    39
         Tentacles         |    10 |    14 |    12 ||    36
         Punch             |     1 |       |     1 ||     2
         Rapier            |       |       |    17 ||    17
  Throw: Javelin           |     4 |     3 |       ||     7
    Use: Scroll            |     1 |     3 |     3 ||     7
         Potion            |       |     1 |       ||     1
   Stab: Sleeping          |     7 |     8 |     3 ||    18
 Armour: Skin              |    19 |    19 |    19 ||    57
  Dodge: Dodged            |    19 |    27 |    24 ||    70
